 Dungeon Crawl Stone Soup version 0.28-b1-25-g9875b3fc8c (webtiles) character file.

Game seed: 5646186506831686043

31 jjjjhere the Caller (level 3, 0/24 HPs)
             Began as a Merfolk Summoner on Feb 1, 2022.
             Was an Initiate of Yredelemnul.
             Succumbed to an adder's poison
             ... on level 2 of the Dungeon.
             The game lasted 00:03:01 (2126 turns).

jjjjhere the Caller (Merfolk Summoner)              Turns: 2126, Time: 00:03:02

Health: 0/24       AC:  2    Str:  8    XL:     3   Next: 22%
Magic:  1/6        EV: 12    Int: 16    God:    Yredelemnul [......]
Gold:   69         SH:  0    Dex: 14    Spells: 0/6 levels left

rFire   . . .      SeeInvis .   b - +0 dagger
rCold   . . .      Faith    .   (no shield)
rNeg    . . .      Spirit   .   a - +0 robe
rPois   .          Reflect  .   (no helmet)
rElec   .          Harm     .   (no cloak)
rCorr   .          Rampage  .   (no gloves)
Will    .....                   (no boots)
Stlth   ++........              (no amulet)
HPRegen 0.08/turn               (no ring)
MPRegen 0.10/turn               (no ring)

@: lethally poisoned (0 -> -10)
A: (nimble swimmer 2), mertail
a: Renounce Religion, Recall Undead Harvest


You were on level 2 of the Dungeon.
You worshipped Yredelemnul.
Yredelemnul was noncommittal.
You visited 1 branch of the dungeon, and saw 2 of its levels.

You collected 69 gold pieces.

Inventory:

Hand Weapons
 b - a +0 dagger (weapon)
Armour
 a - a +0 robe (worn)
Scrolls
 d - a scroll of enchant weapon {unknown}
 g - a scroll of enchant armour {unknown}
 i - a scroll of identify {unknown}
Potions
 c - 2 potions of heal wounds {unknown}
 e - a potion of brilliance {unknown}
 f - a potion of attraction {unknown}
 h - a potion of degeneration {unknown}


   Skills:
 - Level 2.6 Dodging
 - Level 2.1 Stealth
 + Level 2.4 Spellcasting
 * Level 4.7 Summonings


You couldn't memorise any spells.
You knew the following spells:

 Your Spells              Type           Power      Damage    Failure   Level
a - Summon Small Mammal   Summ           68%        N/A       2%          1
b - Call Imp              Summ           17%        N/A       4%          2
c - Call Canine Familiar  Summ           17%        N/A       9%          3

Your spell library contained the following spells:

 Spells                   Type           Power      Damage    Failure   Level
 Summon Guardian Golem    Hex/Summ       9%         N/A       22%         3
 Gell's Gravitas          Tloc           1%         N/A       52%         3
 Teleport Other           Tloc           1%         N/A       52%         3
 Summon Lightning Spire   Summ/Air       9%         N/A       58%         4
 Dispersal                Tloc           0%         N/A       100%        6


Dungeon Overview and Level Annotations

Branches:
Dungeon (2/15)

Altars:
Yredelemnul

Annotations:
D:2 Sigmund


Innate Abilities, Weirdness & Mutations

((You are very nimble when in or above water. (Stealth+, EV+, Speed+++)))
Your lower body shifts to a powerful aquatic tail in water.


Message History

Your crimson imp closely misses the adder.
The orc throws a boomerang.
The boomerang closely misses you.
Your crimson imp hits the orc but does no damage.
The adder closely misses you.
Your crimson imp disappears in a puff of smoke!
The orc throws a boomerang.
The boomerang closely misses you.
The orc throws a boomerang.
The boomerang closely misses you.
Your magical contamination has completely faded away.
The adder bites you.
You are poisoned.
The adder poisons you!
You feel sick.
You feel sick.
You feel sick. The adder bites you.
You feel sick.
You are no longer poisoned.
The adder bites you.
You are poisoned.
The adder poisons you!
You feel sick.
Casting: Call Canine Familiar (quite dangerous; 9% risk of failure)
Confirm with . or Enter, or press ? or * to list all spells.
A beastly little devil appears in a puff of flame.
You feel sick. The adder bites you.
You feel sick.
The goblin hits your crimson imp with a +0 dagger.
You feel sick. The adder bites you.
You are more poisoned.
The adder poisons you!
You completely miss the adder.
* * * LOW HITPOINT WARNING * * *
You feel sick. The adder bites you.
* * * LOW HITPOINT WARNING * * *
You are more poisoned.
The adder poisons you!
Your crimson imp misses the adder.
* * * LOW HITPOINT WARNING * * *
You feel very sick.
The goblin hits your crimson imp but does no damage.
You die...
Your body rises from the dead as a mindless zombie.

#.# #......# ##...# #.#
#......# #...##
#.########......###.J.#
#..<............##...##
#####.....###...##o.[#
###.Z..#######..##..g##
####..Z#### ###.....#...+
#....### ##...###.##.###
####.##########.@####..##...#
........#.........S5.goJ...##
.........)####..####.#######
......(.###........>.#
........# ############
........# #########


You could see an adder (ally target), an orc, an endoplasm, a goblin and a
friendly crimson imp (summoned).

Vanquished Creatures
  2 dart slugs
  3 endoplasms (D:1)
  2 giant cockroaches (D:1)
  2 goblins
  2 quokkas (D:1)
  A ball python (D:1)
  4 rats
16 creatures vanquished.

Vanquished Creatures (collateral kills)
  A bat (D:2)
  An endoplasm (D:2)
  2 goblins (D:1)
  2 hobgoblins (D:1)
  A quokka (D:1)
  A ball python (D:2)
8 creatures vanquished.

Vanquished Creatures (others)
  A bat zombie (D:1)
  A goblin zombie (D:2)
  A rat zombie (D:2)
3 creatures vanquished.

Grand Total: 27 creatures vanquished

Notes
Turn   | Place    | Note
-------+----------+-------------------------------------------
     0 | D:1      | jjjjhere the Merfolk Summoner began the quest for the Orb.
     0 | D:1      | Reached XP level 1. HP: 13/13 MP: 3/3
   310 | D:1      | Reached XP level 2. HP: 18/19 MP: 5/5
   326 | D:1      | Learned a level 2 spell: Call Imp
   492 | D:1      | Found a faded altar of an unknown god.
   524 | D:1      | Prayed at the altar of an unknown god.
   524 | D:1      | Became a worshipper of Yredelemnul the Dark
   524 | D:1      | Reached * piety under Yredelemnul
  1433 | D:2      | Reached XP level 3. HP: 24/24 MP: 6/6
  1446 | D:2      | Learned a level 3 spell: Call Canine Familiar
  1807 | D:2      | Noticed Sigmund
  1811 | D:2      | HP: 6/24 [Sigmund/puff of flame (9)]
  2124 | D:2      | HP: 7/24 [poisoned by an adder]
  2125 | D:2      | HP: 2/24 [poisoned by an adder]
  2126 | D:2      | Succumbed to an adder's poison

Illustrated notes

Levels and vault maps discovered:
D:1:      dpeg_arrival_lava_temple_mockup, layout_loops_ring,
          basic_ecumenical_altar, minivault_11
D:2:      minmay_razor_zed, layout_rooms, uniq_sigmund

Action                   || total
-------------------------++-------
Melee: Dagger            ||    73
 Cast: Summon Small Mamm ||    16
       Call Imp          ||     5
       Call Canine Famil ||     1
 Stab: Sleeping          ||     5
Armor: Robe              ||    12
Dodge: Dodged            ||    44
